Map: [ESL] Cosmic Sapphire

Players

Clem

  • Race: Terran Terran
  • Spawn Location: 5:00

SpeCial - Winner!

  • Race: Terran Terran
  • Spawn Location: 11:00

Event: DreamHack SC2 Masters 2022 Valencia

VOD

Have the link to the VOD?

Description

Time

  • Played on: July 2, 2022, 7:39 a.m.
  • Length: 15:55

All games in this series

Show
View Real Time Build Order
Export as new Build Order

Clem Terran 

Build Orders:  

Get SALT Encoding   

  12  0:00  SCV  
  13  0:12  SCV  
  14  0:16  Supply Depot  
  14  0:24  SCV  
  15  0:38  SCV  
  15  0:40  Barracks  
  16  0:43  Refinery  
  16  0:50  SCV  
  16  0:52  Refinery  
  17  1:02  SCV  
  18  1:14  SCV  
  19  1:28  Orbital Command, Reaper  
  19  1:32  Supply Depot  
  20  1:40  Factory  
  20  1:53  SCV  
  21  2:00  Reaper  
  22  2:05  SCV  
  23  2:17  SCV  
  23  2:25  Hellion  
  23  2:29  SCV  
  24  2:32  Supply Depot, Marine  
  25  2:41  SCV  
  26  2:47  Hellion  
  26  2:50  Marine  
  29  2:55  Command Center  
  29  2:59  SCV  
  30  3:08  Hellion  
  30  3:09  Marine  
  30  3:12  SCV  
  34  3:16  Supply Depot  
  34  3:24  Supply Depot  
  34  3:26  SCV  
  35  3:31  Barracks Tech Lab  
  35  3:33  Hellion  
  37  3:38  SCV  
  38  3:44  Starport  
  38  3:51  SCV  
  39  3:57  Barracks Tech Lab  
  39  4:03  SCV  
  39  4:07  Cyclone  
  39  4:08  Refinery  
  43  4:15  SCV  
  44  4:26  Raven  
  44  4:28  SCV  
  47  4:31  Barracks Reactor  
  47  4:34  Orbital Command  
  47  4:39  Cyclone  
  47  4:40  SCV  
  48  4:52  SCV  
  47  5:00  SCV  
  47  5:04  SCV  
  45  5:08  Marine  
  45  5:11  Raven  
  45  5:13  SCV, Cyclone  
  50  5:16  SCV  
  50  5:20  Command Center  
  50  5:25  SCV  
  50  5:27  Supply Depot  
  52  5:28  SCV  
  52  5:31  Marine x2  
  54  5:37  SCV  
  54  5:40  SCV  
  56  5:44  Supply Depot  
  56  5:46  Siege Tank  
  56  5:49  SCV  
  60  5:51  Refinery  
  60  5:52  SCV  
  60  5:54  Raven  
  63  5:58  Marine x2  
  63  6:01  SCV  
  65  6:04  SCV  
  65  6:05  Supply Depot  
  66  6:13  SCV  
  66  6:16  SCV  
  66  6:18  Siege Tank  
  71  6:19  Marine x2  
  71  6:25  SCV  
  74  6:29  SCV  
  75  6:34  Orbital Command, Barracks  
  75  6:36  Barracks  
  75  6:37  SCV  
  76  6:41  SCV  
  76  6:45  Viking x2  
  76  6:46  Marine  
  82  6:49  SCV  
  82  6:50  Stimpack  
  82  6:53  SCV, Supply Depot  
  84  6:55  Siege Tank  
  84  6:59  Orbital Command  
  87  7:01  SCV  
  87  7:05  SCV  
  89  7:09  Supply Depot  
  89  7:14  SCV  
  90  7:15  Viking x2  
  90  7:17  SCV  
  90  7:19  Engineering Bay  
  90  7:21  Engineering Bay  
  94  7:25  SCV  
  94  7:26  SCV  
  94  7:29  SCV  
  96  7:37  SCV  
  96  7:38  SCV  
  96  7:40  Refinery x2  
  96  7:41  SCV  
  98  7:44  Siege Tank  
  98  7:49  SCV  
  98  7:50  SCV  
  103  7:53  SCV, Supply Depot  
  103  7:57  Barracks Tech Lab, Barracks Reactor  
  104  8:01  SCV, Supply Depot  
  104  8:02  SCV  
  104  8:05  SCV, Sensor Tower  
  105  8:10  Viking x2  
  108  8:13  SCV  
  108  8:14  SCV  
  108  8:17  SCV, Siege Tank  
  112  8:25  SCV  
  112  8:26  SCV  
  114  8:27  Command Center  
  114  8:30  Supply Depot  
  114  8:32  Terran Infantry Weapons Level 1  
  114  8:33  Supply Depot, Terran Infantry Armor Level 1  
  114  8:38  Marine  
  114  8:40  Marine  
  116  8:42  Marauder x2  
  116  8:44  Combat Shield  
  116  8:46  Concussive Shells  
  120  8:49  Barracks  
  120  8:51  Barracks  
  120  8:52  Supply Depot  
  120  8:55  SCV x2  
  119  8:56  Siege Tank  
  119  8:57  SCV  
  119  9:02  Marine  
  119  9:06  Viking x2  
  119  9:07  SCV x2  
  119  9:09  Marine, Marauder x2  
  126  9:13  Supply Depot  
  126  9:18  Factory  
  126  9:21  Marine, Supply Depot  
  127  9:27  Marine  
  127  9:28  Armory  
  127  9:31  Marauder x2  
  130  9:40  Siege Tank  
  130  9:41  Viking  
  130  9:42  Viking  
  130  9:43  SCV  
  130  9:44  Refinery, Barracks Reactor, Barracks Tech Lab  
  138  9:47  SCV x2  
  138  9:48  Refinery  
  138  9:52  Marauder x2  
  144  9:55  SCV, Marine x2  
  144  9:56  Sensor Tower  
  144  9:59  SCV  
  148  10:01  Supply Depot  
  148  10:03  Factory Tech Lab  
  148  10:07  SCV  
  148  10:08  Planetary Fortress  
  148  10:12  Siege Tank  
  151  10:14  Command Center  
  151  10:20  Medivac  
  151  10:21  Medivac  
  155  10:22  Terran Vehicle Weapons Level 1  
  155  10:24  Siege Tank  
  155  10:25  Marine x3  
  155  10:26  Marine  
  164  10:28  Marauder  
  164  10:30  Marauder  
  164  10:31  Marauder  
  168  10:39  Supply Depot  
  168  10:40  Starport  
  168  10:41  Starport  
  168  10:43  Missile Turret  
  168  10:44  Missile Turret  
  168  10:47  Missile Turret  
  168  10:50  Missile Turret  
  168  10:56  Viking x2  
  172  10:57  Command Center  
  172  11:00  Armory, Marine  
  172  11:01  Marine x3  
  173  11:05  Marauder  
  173  11:06  Marauder  
  176  11:18  Marine x2, Command Center  
  174  11:19  Siege Tank, Marauder  
  174  11:22  Viking x2  
  174  11:23  Marine x2  
  179  11:27  Marauder x2  
  179  11:28  Viking  
  179  11:29  Viking  
  180  11:36  Marine x2  
  180  11:38  SCV  
  176  11:40  Marauder  
  176  11:41  Marine  
  173  11:48  Marauder x2  
  173  11:51  Marine  
  163  11:55  Medivac  
  163  11:57  SCV  
  163  11:58  SCV  
  163  11:59  SCV  
  163  12:00  SCV  
  163  12:01  Marauder  
  152  12:09  SCV x2  
  152  12:10  SCV  
  152  12:11  SCV, Marine  
  152  12:12  SCV  
  158  12:17  Starport Tech Lab  
  158  12:21  SCV x2  
  158  12:22  SCV  
  161  12:23  SCV  
  161  12:24  SCV  
  161  12:27  Terran Infantry Weapons Level 2  
  163  12:30  Orbital Command  
  163  12:33  SCV  
  163  12:35  SCV  
  154  12:38  SCV, Marine, Marauder x2  
  154  12:40  SCV  
  154  12:43  Marine x2  
  156  12:45  SCV  
  156  12:48  SCV, Marauder  
  160  12:52  Corvid Reactor  
  160  12:54  Starport Tech Lab  
  160  12:57  SCV  
  157  12:58  SCV  
  157  12:59  Marine  
  157  13:01  SCV  
  157  13:05  Siege Tank  
  134  13:07  SCV  
  134  13:10  Raven  
  134  13:11  Viking  
  139  13:13  Viking  
  139  13:14  SCV  
  139  13:19  SCV  
  130  13:20  SCV  
  130  13:21  Marine, Marauder x2  
  130  13:22  SCV, Marine  
  130  13:23  SCV  
  130  13:26  Raven  
  122  13:27  Marine  
  122  13:29  Marine  
  122  13:31  Marine  
  122  13:37  Siege Tank  
  122  13:39  Marine x2  
  122  13:40  Siege Tank  
  130  13:42  Refinery  
  130  13:50  Marine x2  
  130  13:51  Marauder x3  
  130  13:52  Terran Vehicle And Ship Armor Level 1  
  130  13:53  Raven  
  130  13:55  Viking  
  142  13:57  Viking  
  142  14:02  Marine x2  
  141  14:09  Liberator  
  145  14:10  Marine  
  145  14:11  Marine x2  
  145  14:14  Marauder x2  
  145  14:16  Orbital Command  
  152  14:25  Viking, Marine x2  
  152  14:27  Viking  
  152  14:28  Marine x2  
  152  14:30  Marauder  
  154  14:36  Liberator  
  152  14:40  Marauder x2  
  152  14:43  Marine  
  152  14:44  Marine  
  157  14:50  Marine  
  157  14:51  Marauder  
  157  14:52  Liberator  
  158  15:00  Marine x2  
  158  15:02  Refinery, Marauder x2  
  158  15:03  Refinery, Marine  
  159  15:07  Marine  
  159  15:13  Marauder  
  162  15:18  Marine x2  
  162  15:20  Marine  
  162  15:22  Medivac  
  162  15:23  Marauder x2  
  162  15:25  Marine  
  159  15:34  Marauder  
  161  15:36  Marine x2  
  161  15:37  SCV  
Show
View Real Time Build Order
Export as new Build Order

SpeCial Terran - Winner!

Build Orders: Mech 

Get SALT Encoding   

  12  0:00  SCV  
  13  0:13  Supply Depot  
  13  0:17  SCV  
  14  0:36  Barracks  
  14  0:38  Refinery  
  14  0:53  Barracks  
  14  0:59  SCV  
  15  1:11  SCV  
  16  1:24  Orbital Command, Reaper  
  17  1:29  Refinery  
  17  1:40  Reaper  
  18  1:50  SCV  
  18  1:51  Supply Depot  
  19  1:57  Reaper  
  20  2:02  SCV  
  21  2:12  Reaper  
  21  2:14  SCV  
  23  2:27  SCV  
  24  2:30  Factory  
  24  2:34  Reaper  
  25  2:39  SCV  
  26  2:49  Reaper  
  26  2:51  SCV  
  28  3:01  Command Center  
  29  3:05  SCV  
  29  3:13  Factory Tech Lab  
  29  3:15  Supply Depot  
  29  3:17  SCV  
  30  3:29  SCV  
  31  3:36  Cyclone  
  31  3:38  Mag-Field Accelerator  
  34  3:42  SCV  
  34  3:48  Factory  
  35  3:55  SCV  
  36  4:07  SCV  
  37  4:13  Orbital Command, Cyclone  
  37  4:16  Refinery  
  40  4:19  SCV  
  41  4:31  SCV  
  42  4:32  Factory Tech Lab  
  42  4:36  Supply Depot  
  42  4:39  SCV  
  42  4:43  SCV  
  43  4:47  Cyclone  
  43  4:51  SCV  
  42  4:55  SCV, Cyclone  
  46  5:03  SCV  
  47  5:07  SCV  
  47  5:12  Barracks Reactor  
  48  5:14  Starport  
  48  5:15  SCV  
  48  5:19  SCV  
  50  5:27  SCV  
  51  5:31  Refinery, SCV  
  51  5:33  Command Center  
  51  5:35  Widow Mine x2  
  56  5:38  Supply Depot  
  56  5:40  SCV  
  57  5:43  SCV  
  58  5:52  SCV  
  58  5:55  SCV  
  60  5:59  Supply Depot  
  60  6:03  Liberator  
  60  6:04  SCV  
  64  6:05  Liberator  
  64  6:08  SCV  
  68  6:16  SCV, Supply Depot  
  69  6:20  SCV  
  69  6:21  Cyclone x2  
  76  6:27  Supply Depot  
  76  6:28  SCV  
  76  6:32  SCV  
  78  6:40  SCV, Supply Depot  
  78  6:44  SCV  
  78  6:45  Orbital Command  
  80  6:52  Viking, SCV  
  80  6:53  Siege Tank x2  
  89  6:56  Viking, SCV  
  92  7:04  SCV, Supply Depot  
  92  7:07  Refinery x2  
  94  7:08  SCV  
  94  7:13  Factory  
  94  7:16  SCV  
  94  7:19  SCV  
  94  7:20  SCV  
  97  7:23  Viking  
  97  7:26  Viking  
  97  7:28  SCV  
  102  7:31  SCV  
  102  7:34  SCV  
  101  7:38  Siege Tank x2  
  101  7:40  SCV  
  101  7:43  Supply Depot  
  108  7:45  SCV  
  108  7:46  SCV  
  108  7:50  Armory  
  110  7:53  SCV  
  110  7:57  SCV  
  112  8:00  SCV  
  112  8:03  Factory Reactor  
  112  8:05  SCV  
  114  8:10  SCV  
  114  8:12  Siege Tank x2  
  121  8:13  SCV  
  121  8:17  SCV  
  120  8:22  Viking x2  
  124  8:30  Supply Depot  
  124  8:31  Command Center  
  124  8:33  SCV x3  
  124  8:34  Engineering Bay  
  127  8:40  Factory  
  127  8:42  Factory, Terran Vehicle Weapons Level 1  
  127  8:45  Hellion x2  
  132  8:48  SCV x2  
  132  8:51  SCV  
  134  9:00  SCV  
  131  9:07  Hellion x2  
  131  9:08  Siege Tank x2  
  141  9:14  Infernal Pre-Igniter, Sensor Tower  
  141  9:15  SCV x3  
  144  9:19  Viking x2  
  144  9:22  Sensor Tower  
  148  9:27  SCV  
  149  9:32  Factory Tech Lab, Factory Reactor  
  149  9:42  SCV x3  
  149  9:43  Hellion x2  
  149  9:44  Planetary Fortress  
  156  9:47  Refinery x2, Siege Tank x2  
  156  9:51  Viking  
  164  9:59  Armory  
  164  10:12  Command Center  
  164  10:13  Supply Depot  
  164  10:16  Supply Depot  
  164  10:34  Viking  
  164  10:35  Hellion x3  
  172  10:36  Factory x2  
  172  10:37  Siege Tank x2  
  172  10:38  Hellion  
  172  10:40  Missile Turret  
  180  10:43  Terran Vehicle Weapons Level 2  
  180  10:47  Terran Vehicle And Ship Armor Level 1, Supply Depot  
  180  10:52  Command Center  
  180  11:09  Viking, Hellion, Siege Tank  
  187  11:22  Viking  
  187  11:23  Hellion  
  187  11:24  Hellion x2, Siege Tank x2  
  195  11:26  Factory Tech Lab  
  195  11:27  Factory Tech Lab  
  195  11:31  Hellion  
  193  11:33  SCV x3  
  193  11:39  Viking  
  192  11:41  Siege Tank  
  196  11:47  Hellion, Siege Tank  
  196  11:52  Hellion, Viking  
  178  11:55  Hellion  
  178  11:56  Siege Tank  
  178  11:57  Hellion, Siege Tank x2  
  171  12:08  Orbital Command  
  165  12:09  Viking  
  165  12:14  Hellion x2  
  165  12:15  Siege Tank  
  172  12:17  Hellion  
  172  12:19  Hellion, Siege Tank  
  174  12:25  SCV x2  
  174  12:26  SCV  
  174  12:28  Siege Tank  
  174  12:29  Siege Tank x2  
  186  12:35  Hellion  
  186  12:36  Hellion  
  190  12:38  Hellion  
  190  12:40  Viking x2  
  196  12:44  Terran Vehicle And Ship Armor Level 2, Planetary Fortress  
  196  12:47  Siege Tank  
  196  12:50  Hellion  
  190  13:02  Siege Tank x2  
  190  13:03  Hellion  
  177  13:10  Siege Tank, Starport  
  177  13:12  Starport  
  180  13:17  Hellion, Siege Tank  
  180  13:19  Hellion  
  180  13:24  Viking x2  
  180  13:25  SCV  
  180  13:26  SCV  
  166  13:32  Hellion x2  
  166  13:33  SCV  
  171  13:35  Refinery  
  171  13:39  Refinery  
  171  13:40  Hellion x2, Siege Tank  
  178  13:45  SCV, Siege Tank  
  182  13:53  Missile Turret  
  179  13:57  SCV  
  179  14:00  Thor, Siege Tank  
  179  14:01  Hellion x2  
  179  14:02  Starport Reactor x2  
  191  14:08  Hellion  
  187  14:16  Thor x2  
  197  14:18  Viking  
  199  14:29  Hellion  
  197  14:39  Missile Turret, Cyclone, Command Center  
  200  14:46  Fusion Core  
  190  14:54  Siege Tank x2  
  190  14:56  Hellion, Viking x2  
  190  14:59  Cyclone  
  200  15:06  Viking  
  200  15:07  Viking x2  
  191  15:21  Hellion x2  

Tags
 
Add a new tag
Caveats
  • Supply blocks, unpowered buildings, or Contaminate may cause inaccurate times.
  • Supply counts are checked every 10 seconds.